 Dungeon Crawl Stone Soup version 0.28.0-43-g3370ac3207 (webtiles) character file.

Game seed: 12044732774955986433

192 tizbic2 the Ruffian (level 5, -4/46 HPs)
             Began as a Ghoul Fighter on Mar 7, 2022.
             Was a Follower of Nemelex Xobeh.
             Slain by Sigmund
             ... wielding a +0 scythe
              (7 damage)
             ... on level 6 of the Dungeon.
             The game lasted 00:09:30 (1800 turns).

tizbic2 the Ruffian (Ghoul Fighter)                 Turns: 1800, Time: 00:09:30

Health: -4/46      AC:  6    Str: 20    XL:     5   Next: 71%
Magic:  5/5        EV:  9    Int:  5    God:    Nemelex Xobeh [*.....]
Gold:   67         SH:  4    Dex:  8    Spells: 5/5 levels left

rFire   . . .      SeeInvis .     - Unarmed
rCold   + . .      Faith    .   b - +0 buckler
rNeg    + + +      Spirit   .   a - +0 scale mail
rPois   ∞          Reflect  .   (no helmet)
rElec   .          Harm     .   (no cloak)
rCorr   .          Rampage  .   (no gloves)
Will    .....                   (no boots)
Stlth   ..........              (no amulet)
HPRegen 0.00/turn               (no ring)
MPRegen 0.09/turn               (no ring)

@: inhibited regen
A: claws 1, cold resistance 1, negative energy resistance 3, inhibited
regeneration, torment resistance 2
a: Renounce Religion, Draw Escape, Draw Destruction, Draw Summoning


You were on level 6 of the Dungeon.
You worshipped Nemelex Xobeh.
Nemelex Xobeh was aware of your devotion.
You visited 1 branch of the dungeon, and saw 4 of its levels.

You collected 67 gold pieces.

Inventory:

Missiles
 d - 4 atropa-tipped darts
 h - 72 stones (quivered)
 k - 5 boomerangs
Armour
 a - a +0 scale mail (worn)
 b - a +0 buckler (worn)
 j - a +0 robe
Scrolls
 f - a scroll of noise {unknown}
 g - a scroll of teleportation {unknown}
 l - a scroll of immolation {unknown}
Potions
 c - a potion of might
 e - a potion of attraction {unknown}
 i - a potion of lignification {unknown}


   Skills:
 - Level 3.8 Fighting
 - Level 2.8 Armour
 + Level 3.3 Shields
 * Level 4.0 Unarmed Combat
 + Level 0.6 Spellcasting
 - Level 0.2 Conjurations
 * Level 1.2 Summonings
 + Level 2.0 Invocations


You had 5 spell levels left.
You didn't know any spells.
Your spell library contained the following spells:

 Spells                   Type           Power      Damage    Failure   Level
 Call Canine Familiar     Summ           1%         N/A       98%         3
 Gell's Gravitas          Tloc           0%         N/A       99%         3
 Lesser Beckoning         Tloc           0%         N/A       99%         3
 Portal Projectile        Hex/Tloc       0%         N/A       99%         3
 Teleport Other           Tloc           0%         N/A       99%         3
 Leda's Liquefaction      Hex/Erth       0%         N/A       100%        4
 Petrify                  Tmut/Erth      0%         N/A       100%        4
 Irradiate                Conj/Tmut      0%         3d13      100%        5
 Sublimation of Blood     Necr           Unusable   N/A       N/A         2

Dungeon Overview and Level Annotations

Branches:
Dungeon (3/15)

Altars:
Nemelex Xobeh

Annotations:
D:6 Sigmund


Innate Abilities, Weirdness & Mutations

You thrive by killing the living.
You are immune to poison.
You have sharp fingernails.
Your flesh is cold resistant. (rC+)
You are immune to negative energy. (rN+++)
You do not regenerate when monsters are visible.
You are immune to unholy pain and torment.


Message History

The deck of cards glows slightly and disappears.
Sigmund barely misses you.
You swap places.
Sigmund mumbles some strange words.
Sigmund flickers and vanishes!
Deactivating autopickup; reactivate with Ctrl-A.
Something hits you! Something hits you. What are your orders? t - Shout!
Orders for allies: a - Attack new target. r - Retreat! s - Stop attacking. g - Guard the area. f - Follow me.
Anything else - Cancel.
Gang up on whom?
Press: ? - help, Dir - move target There's nothing there!
Something barely misses your +0 long sword "Qyileu" {vamp, rC+ Int+4 Dex+3}.
What are your orders? t - Shout!
Orders for allies: a - Attack new target. r - Retreat! s - Stop attacking. g - Guard the area. f - Follow me.
Anything else - Cancel.
Gang up on whom?
Press: ? - help, Dir - move target There's nothing there!
Something hits your +0 long sword "Qyileu" {vamp, rC+ Int+4 Dex+3}.
Okay, then.
Something hits you!
* * * LOW HITPOINT WARNING * * *
Something completely misses you.
Something hits your +0 long sword "Qyileu" {vamp, rC+ Int+4 Dex+3}!
Your +0 long sword "Qyileu" {vamp, rC+ Int+4 Dex+3} is destroyed!
Your +0 long sword "Qyileu" {vamp, rC+ Int+4 Dex+3} disappears in a puff of smoke!
Something hits you!
* * * LOW HITPOINT WARNING * * *
Something hits you!
You die...
Your body disappears without a glow.

..# #.# #.#
#.# #.# ..
#.######
###.###
#......#
.......
#§..#
.......
#@#.#
...?...
#{§.#
.......
#.###
##.......
#.####.#
###.5......
#$.....#
...#.......
#.######
.Z.########
#.# #.##
#.# ###
#########.#


There were no monsters in sight!

Vanquished Creatures
  A scorpion (D:2)
  A wyvern skeleton (D:6)
  A centaur skeleton (D:6)
  2 adders
  A shadow imp (D:6)
  A white imp (D:6)
  A worm (D:2)
  3 ball pythons (D:1)
  3 endoplasms
  A giant cockroach (D:1)
  3 goblins
  2 hobgoblins
  A kobold (D:1)
  2 quokkas
  2 bats
  3 rats
28 creatures vanquished.

Notes
Turn   | Place    | Note
-------+----------+-------------------------------------------
     0 | D:1      | tizbic2 the Ghoul Fighter began the quest for the Orb.
     0 | D:1      | Reached XP level 1. HP: 19/19 MP: 0/0
   215 | D:1      | Reached XP level 2. HP: 12/26 MP: 1/1
   948 | D:2      | Reached XP level 3. HP: 31/31 MP: 2/2
   978 | D:2      | Found a faded altar of an unknown god.
  1002 | D:2      | Prayed at the altar of an unknown god.
  1002 | D:2      | Became a worshipper of Nemelex Xobeh the Trickster
  1002 | D:2      | Reached * piety under Nemelex Xobeh
  1017 | D:2      | Noticed a scorpion
  1048 | D:2      | Killed a scorpion
  1049 | D:2      | Reached skill level 3 in Unarmed Combat
  1049 | D:2      | Reached skill level 1 in Invocations
  1049 | D:2      | Reached XP level 4. HP: 12/40 MP: 2/4
  1340 | D:2      | Received a gift from Nemelex Xobeh
  1514 | D:3      | You fall into a shaft and drop 3 floors!
  1548 | D:6      | Reached XP level 5. HP: 38/46 MP: 5/5
  1570 | D:6      | Reached skill level 4 in Unarmed Combat
  1570 | D:6      | Reached skill level 1 in Summonings
  1777 | D:6      | Noticed Sigmund
  1782 | D:6      | Identified the +0 long sword "Qyileu" {vamp, rC+ Int+4
                  | Dex+3}
  1800 | D:6      | Slain by Sigmund

Illustrated notes

Levels and vault maps discovered:
D:1:      lightli_arrival_statue_moat, layout_loops_ring
D:2:      layout_rooms, ebering_ecumenical_altar_petrified
D:3:      layout_basic, serial_shops, nicolae_shop_hallway_plus,
          gammafunk_ghost_icy, uniq_ijyb, uniq_grinder
D:6:      layout_loops_cross, uniq_duvessa, uniq_sigmund

Skill      XL: |  1  2  3  4  5 |
---------------+----------------+-----
Shields        | 3 |  3.3
Unarmed Combat | 3 4 |  4.0
Invocations    | 1 2 |  2.0
Summonings     | 1 |  1.2
Fighting       | |  3.8
Armour         | |  2.8
Spellcasting   | |  0.6
Conjurations   | |  0.2

Action                   |  1- 3 |  4- 6 || total
-------------------------+-------+-------++-------
Melee: Unarmed           |    62 |    55 ||   117
Invok: Draw Destruction  |       |     1 ||     1
       Draw Summoning    |       |     1 ||     1
Armor: Scale mail        |    21 |    19 ||    40
Dodge: Dodged            |    21 |    16 ||    37
Block: Buckler           |     5 |     5 ||    10
